 Dungeon Crawl Stone Soup version 0.18.1-5-g4a78601 (webtiles) character file.

47327 namelastname112 the Slicer (level 14, -1/117 (118) HPs)
             Began as a Yellow Draconian Assassin on May 11, 2016.
             Was an Initiate of Gozag.
             Slain by a griffon (2 damage)
             ... while paralysed by a vampire knight
             ... on level 13 of the Dungeon.
             The game lasted 00:29:58 (15710 turns).

namelastname112 the Slicer (DrAs)                  Turns: 15710, Time: 00:29:59

HP:   -1/117 (118)  AC: 13    Str: 20    XL:     14   Next: 8%
MP:   14/14         EV: -3    Int: 10    God:    Gozag
Gold: 2393          SH:  0    Dex: 18    Spells: 0 memorised, 13 levels left

rFire  . . .     SeeInvis .     v - +1 rapier "Butesot" {speed, rC+}
rCold  + . .     Gourm    .     (armour unavailable)
rNeg   . . .     Faith    .     s - +0 buckler
rPois  +         Spirit   .     (helmet restricted)
rElec  .         Dismiss  .     e - +0 cloak {rPois}
rCorr  +         Reflect  .     Q - +0 pair of gloves
SustAt .         Harm     .     (no boots)
MR     +....                    w - amulet of regeneration
Stlth  ++++......               q - +5 ring of strength
                                r - +3 ring of protection

@: paralysed, somewhat resistant to hostile enchantments, stealthy
A: spit acid, acid resistance, unfitting armour, acidic bite, cold-blooded, AC
+8
a: Spit Acid, Potion Petition, Call Merchant, Bribe Branch, Renounce Religion


You were on level 13 of the Dungeon.
You worshipped Gozag.
Gozag was noncommittal.
You were not hungry.

You visited 1 branch of the dungeon, and saw 13 of its levels.
You also visited: Ossuary.

You collected 2808 gold pieces.
You spent 216 gold pieces at shops.
You paid 32 gold pieces to Gozag.

Inventory:

Hand Weapons
 b - a cursed +1 blowgun
 v - the +1 rapier "Butesot" (weapon) {speed, rC+}
   (You bought it in a shop on level 6 of the Dungeon)

   Attacks with this weapon are significantly faster.
   It protects you from cold.
Missiles
 d - 65 poisoned needles
 l - 6 curare-tipped needles
 p - 6 throwing nets (quivered)
Armour
 e - a +0 cloak of poison resistance (worn)
 s - a +0 buckler (worn)
 Q - a +0 pair of gloves (worn)
Jewellery
 a - an uncursed ring of protection from fire
 q - a +5 ring of strength (right hand)
 r - a +3 ring of protection (left hand)
 w - an amulet of regeneration (around neck)
 C - an uncursed ring of sustain attributes
 N - an uncursed ring of magical power
 O - an uncursed ring of ice
 P - a cursed ring of flight
 R - an uncursed amulet of dismissal {unknown}
Wands
 c - a wand of slowing (23/48)
 o - a wand of slowing (14/48)
 t - a wand of digging (8/24)
 u - a wand of flame (11/48)
 y - a wand of confusion (39/48)
 B - a wand of slowing (10/48)
 G - a wand of flame (15/48)
 U - a wand of iceblast (7/15)
 V - a wand of random effects (17/48)
 W - a wand of flame (20/48)
 X - a wand of iceblast (0/15)
Scrolls
 g - a scroll of fear
 x - 7 scrolls of identify
 z - 3 scrolls of remove curse
 D - 2 scrolls of teleportation
 F - 2 scrolls of magic mapping
 J - 2 scrolls of fog
 M - 2 scrolls of recharging
 S - 2 scrolls of amnesia
 Y - a scroll of silence
 Z - 2 scrolls of blinking
Potions
 j - 5 potions of mutation
 m - 3 potions of curing
 n - a potion of magic
 A - 2 potions of brilliance
 E - a potion of beneficial mutation
 H - 3 potions of flight
 K - a potion of resistance
 T - 2 potions of heal wounds
Books
 h - a book of Conjurations

   Spells                             Type                      Level
   a - Magic Dart                     Conjuration                  1
   b - Searing Ray                    Conjuration                  2
   c - Dazzling Spray                 Conjuration/Hexes            3
   d - Fulminant Prism                Conjuration/Hexes            4
   e - Iskenderun's Mystic Blast      Conjuration                  4
   f - Iskenderun's Battlesphere      Conjuration/Charms           5
 i - a book of Flames

   Spells                             Type                      Level
   a - Flame Tongue                   Conjuration/Fire             1
   b - Throw Flame                    Conjuration/Fire             2
   c - Conjure Flame                  Conjuration/Fire             3
   d - Inner Flame                    Hexes/Fire                   3
   e - Sticky Flame                   Conjuration/Fire             4
   f - Fireball                       Conjuration/Fire             5
 I - a book of Alchemy

   Spells                             Type                      Level
   a - Sublimation of Blood           Necromancy                   2
   b - Ignite Poison                  Fire/Transmutation/Poison    3
   c - Petrify                        Transmutation/Earth          4
   d - Alistair's Intoxication        Transmutation/Poison         5
   e - Irradiate                      Conjuration/Transmutation    5
 L - a book of Unlife

   Spells                             Type                      Level
   a - Recall                         Summoning/Translocation      3
   b - Animate Dead                   Necromancy                   4
   c - Control Undead                 Necromancy                   4
   d - Cigotuvi's Embrace             Necromancy                   5
   e - Death Channel                  Necromancy                   6
   f - Simulacrum                     Ice/Necromancy               6
Comestibles
 f - 15 bread rations
 k - 5 fruits


   Skills:
 + Level 9.6 Fighting
 * Level 12.0 Short Blades
 + Level 8.1 Throwing
 + Level 7.8 Dodging
 * Level 12.0 Stealth
 - Level 5.0 Shields


You had 13 spell levels left.
You didn't know any spells.

Dungeon Overview and Level Annotations

Branches:
Dungeon (13/15)            Temple (0/1) D:6            Lair (0/8) D:8
    Orc (0/2) D:9
 Vaults: D:13-14

Altars:
Ashenzari
Cheibriados
Gozag
Makhleb
Okawaru
Pakellas
Qazlal
Ru
Vehumet
Xom
Yredelemnul
Zin

Shops:
D:6 (

Annotations:
D:10 WereVolvo's ghost, novice DsGl
D:12 4 runed doors
D:13 Frances


Innate Abilities, Weirdness & Mutations

You can spit globs of acid.
You are resistant to acid.
Your golden yellow scales are hard (AC +8).
Your body does not fit into most forms of armour.
You have acidic saliva.
You are cold-blooded and may be slowed by cold attacks.


Message History

The griffon claws you!
* * * LOW HITPOINT WARNING * * *
The vampire knight gestures at you while chanting.
You resist with significant effort.
The vampire knight hits you with a dire flail!
* * * LOW HITPOINT WARNING * * *
The vampire knight bites you but does no damage.
The griffon bites you!
* * * LOW HITPOINT WARNING * * *
The griffon pecks you but does no damage.
The griffon claws you.
* * * LOW HITPOINT WARNING * * *
The worker ant bites you but does no damage.
The vampire knight hits you but does no damage.
The vampire knight bites you.
* * * LOW HITPOINT WARNING * * *
The griffon bites you but does no damage.
The griffon pecks you.
You die...
Your body crumbles into a pile of gold.

. ..$
...##########
.........?..#
............###
......V@a@.....
.#....H.....###
#..........#
#..........#
............#
.#.#.#..#...#
#>..#.......
...##........


You could see Frances, a vampire knight, a griffon and a worker ant.

Vanquished Creatures
  Erolcha (D:9)
  Fannar (D:12)
  A hydra (D:11)
  Sonja (D:12)
  A hill giant (D:12)
  A deep elf mage (D:12)
  2 ugly things (D:11)
  A manticore (D:11)
  A gargoyle (D:12)
  3 centaur skeletons
  2 trolls
  Grinder (D:6)
  A two-headed ogre (D:9)
  6 flying skulls
  A vampire (D:11)
  A spriggan (D:8)
  14 yaks
  6 hippogriffs
  2 steam dragons
  Menkaure (D:6)
  2 hungry ghosts (D:7)
  A mottled dragon (D:12)
  Duvessa (D:6)
  A black bear (D:10)
  2 orc warriors
  An ice beast (D:11)
  A necrophage (D:11)
  A phantom (D:11)
  3 sky beasts (D:11)
  A wasp (D:9)
  5 ogres
  8 centaurs
  2 crocodiles (D:11)
  A big kobold (D:9)
  4 giant frogs
  A wyvern zombie (D:12)
  Dowan (D:6)
  4 scorpions
  7 killer bees
  6 wights (D:9)
  4 howler monkeys
  6 crimson imps
  10 hounds
  7 centaur zombies
  2 giant frog zombies
  3 quasits
  5 human zombies (D:12)
  4 jellies
  Crazy Yiuf (D:2)
  5 orc priests
  12 orc wizards
  A giant frog skeleton (D:11)
  2 iguanas
  11 worker ants
  2 killer bee zombies
  6 mummies (Ossuary)
  5 gnolls
  13 adders
  4 river rats
  5 shadow imps
  3 oozes
  An adder zombie (D:6)
  An adder skeleton (D:8)
  2 worms
  3 dart slugs
  7 giant geckos
  39 orcs
  2 ball pythons
  7 giant cockroaches
  12 goblins
  8 hobgoblins
  7 jackals
  11 kobolds
  19 bats
  A giant gecko skeleton (D:6)
  8 giant newts
  2 hobgoblin zombies (Ossuary)
  A jackal zombie (D:5)
  3 quokka skeletons
  18 rats
364 creatures vanquished.

Vanquished Creatures (others)
  A naga (D:10)
  A bat (D:8)
  A quokka (D:12)
  A rat (D:8)
  5 fungi
9 creatures vanquished.

Grand Total: 373 creatures vanquished

Notes
Turn   | Place    | Note
--------------------------------------------------------------
     0 | D:1      | namelastname112 the Draconian Assassin began the quest for the Orb.
     0 | D:1      | Reached XP level 1. HP: 17/17 MP: 1/1
    53 | D:1      | Reached skill level 1 in Dodging
    74 | D:1      | Reached XP level 2. HP: 19/25 MP: 2/2
   450 | D:1      | Reached XP level 3. HP: 30/30 MP: 3/3
  1161 | D:2      | Reached XP level 4. HP: 35/38 MP: 4/4
  1288 | D:2      | Noticed Crazy Yiuf
  1296 | D:2      | namelastname112: sooooooqa
  1296 | D:2      | namelastname112: у него рпойз клока
  1612 | D:2      | Killed Crazy Yiuf
  2091 | D:3      | Reached XP level 5. HP: 40/45 MP: 5/5
  2120 | D:3      | Found a shimmering altar of Xom.
  2125 | D:3      | Found a basalt altar of Yredelemnul.
  2151 | D:3      | Reached skill level 1 in Shields
  2310 | D:3      | Found a radiant altar of Vehumet.
  2373 | D:3      | Found an iron altar of Okawaru.
  2692 | D:3      | Reached XP level 6. HP: 51/51 MP: 6/6
  2696 | D:3      | Found a glowing silver altar of Zin.
  2696 | D:3      | Found an opulent altar of Gozag.
  2701 | D:3      | Became a worshipper of Gozag Ym Sagoz the Greedy
  2730 | D:3      | Found an oddly glowing altar of Pakellas.
  3705 | D:4      | Found a snail-covered altar of Cheibriados.
  3758 | D:4      | Your scales start taking on a golden yellow colour.
  3758 | D:4      | Reached XP level 7. HP: 35/58 MP: 7/7
  4243 | D:5      | Entered Level 5 of the Dungeon
  4246 | D:5      | Found a stormy altar of Qazlal.
  4274 | D:5      | Reached skill level 5 in Stealth
  4473 | D:5      | Found a sand-covered staircase.
  4490 | Ossuary  | Entered an ossuary
  4528 | Ossuary  | Reached skill level 5 in Short Blades
  4695 | Ossuary  | oplop: лол
  5120 | Ossuary  | oplop: годный способ набрать сеток
  5132 | Ossuary  | Reached XP level 8. HP: 54/67 MP: 8/8
  5204 | Ossuary  | namelastname112: 12 сеток
  5204 | Ossuary  | namelastname112: хороший оссуарий
  5294 | D:5      | Found a shattered altar of Ashenzari.
  5600 | D:6      | Noticed Grinder
  5616 | D:6      | Killed Grinder
  5647 | D:6      | Found Odaid's Antique Weapon Shoppe.
  5671 | D:6      | Bought an ancient rapier for 216 gold pieces
  5671 | D:6      | Identified the cursed +1 rapier "Butesot" {speed, rC+} (You bought it in a shop on level 6 of the Dungeon)
  5729 | D:6      | Noticed Menkaure
  5736 | D:6      | Killed Menkaure
  5817 | D:6      | Noticed Duvessa
  5817 | D:6      | Noticed Dowan
  5833 | D:6      | Killed Duvessa
  5833 | D:6      | Reached skill level 5 in Fighting
  5836 | D:6      | Killed Dowan
  5863 | D:6      | Found a staircase to the Ecumenical Temple.
  5925 | D:6      | Reached XP level 9. HP: 71/74 MP: 9/9
  6286 | D:7      | Found a burning altar of Makhleb.
  7258 | D:8      | Reached skill level 5 in Shields
  7836 | D:8      | Got a shimmering long sword
  7839 | D:8      | Identified the cursed +1 long sword "Vuessor" {slice, *Corrode rPois Dex+5} (You found it on level 8 of the Dungeon)
  7935 | D:8      | Reached skill level 5 in Throwing
  8036 | D:8      | Found a staircase to the Lair.
  8038 | D:8      | Reached XP level 10. HP: 83/83 MP: 10/10
  8160 | D:9      | Noticed Erolcha
  8287 | D:9      | You fall through a shaft for 2 floors!
  8339 | D:11     | Noticed a manticore
  8359 | D:11     | Noticed a red ugly thing
  8629 | D:10     | Entered Level 10 of the Dungeon
  8632 | D:10     | Found a sacrificial altar of Ru.
  9117 | D:10     | Noticed WereVolvo's ghost (novice DsGl)
  9142 | D:10     | Noticed a gargoyle
  9144 | D:10     | HP: 3/83 [WereVolvo's ghost (20)]
  9698 | D:10     | Drew Focus: Dex increased to 16, Int decreased to 11
  9776 | D:10     | oplop: the +9 short sword of Gozag's Esteem (weapon) {pierce, +Blink rElec Dex+6}
  9807 | D:10     | oplop: у импа отнял
  9922 | D:9      | Found a radiant altar of Vehumet.
  9938 | D:9      | Reached skill level 5 in Dodging
 10520 | D:9      | Killed Erolcha
 10968 | D:9      | Found a staircase to the Orcish Mines.
 11897 | D:9      | Reached XP level 11. HP: 89/92 MP: 11/11
 12399 | D:9      | Drew Focus: Dex increased to 17, Int decreased to 10
 12406 | D:9      | Hired Lianahy the naga for 167 gold.
 12822 | D:10     | Your ally Lianahy died
 12956 | D:11     | Noticed a green ugly thing
 13046 | D:11     | Killed a red ugly thing
 13053 | D:11     | Killed a brown ugly thing
 13113 | D:11     | HP: 4/92 [sky beast (6)]
 13123 | D:11     | Noticed an eight-headed hydra
 13618 | D:11     | Killed an eight-headed hydra
 13644 | D:11     | Reached skill level 10 in Stealth
 13726 | D:11     | Reached skill level 10 in Short Blades
 14138 | D:12     | Noticed Sonja
 14516 | D:12     | Killed Sonja
 15068 | D:12     | Reached XP level 12. HP: 102/102 MP: 12/12
 15069 | D:12     | Reached XP level 13. HP: 110/110 MP: 13/13
 15095 | D:12     | Found a large runed door.
 15095 | D:12     | Found a large runed door.
 15361 | D:12     | Found a large runed door.
 15361 | D:12     | Found a large runed door.
 15470 | D:12     | Gained mutation: You have acidic saliva. [Yellow Draconian growth]
 15470 | D:12     | Reached XP level 14. HP: 113/117 MP: 14/14
 15531 | D:12     | oplop: нашел фризин клауд
 15558 | D:12     | oplop: он вроде ебет, да?
 15590 | D:12     | namelastname112: да
 15590 | D:12     | namelastname112: 10/10 спелл
 15590 | D:12     | namelastname112: а я вот два пота экспы нашел
 15590 | D:12     | namelastname112: и выпил нхуй
 15603 | D:12     | oplop: ого
 15667 | D:12     | Noticed Fannar
 15670 | D:12     | Killed Fannar
 15692 | D:12     | Noticed a vampire knight
 15695 | D:12     | namelastname112: Эмммм блять
 15695 | D:12     | namelastname112: д12
 15695 | D:12     | oplop: кстати, я чет охуел с мептика когда орб вынес
 15695 | D:12     | namelastname112: вампайр найт
 15695 | D:12     | oplop: ну так надо платить за экспу
 15695 | D:12     | oplop: убеги и все
 15695 | D:12     | namelastname112: ВАМПИР РЫЦАРЬ БЛЯТЬ НА Д 12
 15695 | D:12     | namelastname112: да куда я убегу-то
 15695 | D:12     | namelastname112: лол
 15700 | D:12     | Paralysed by a vampire knight for 3 turns
 15703 | D:12     | oplop: вниз
 15706 | D:13     | Noticed Frances
 15707 | D:13     | oplop: проиграл
 15707 | D:13     | Paralysed by a vampire knight for 7 turns
 15709 | D:13     | HP: 5/117 [griffon (3)]
 15710 | D:13     | HP: 1/117 [vampire knight/dire flail (5)]
 15710 | D:13     | Slain by a griffon

Skill      XL: |  1  2  3  4  5  6  7  8  9 10 11 12 13 14 |
---------------+-------------------------------------------+-----
Dodging        | 1 2 3 4 5 7 |  7.8
Throwing       | 2 3 4 5 7 8 |  8.1
Fighting       | 3 4 5 6 7 8 9 |  9.6
Stealth        | 4 5 6 7 9 11 12 | 12.0
Short Blades   | 3 4 5 6 7 9 11 12 | 12.0
Shields        | 1 2 3 4 5 |  5.0

Action                   |  1- 3 |  4- 6 |  7- 9 | 10-12 | 13-15 || total
-------------------------+-------+-------+-------+-------+-------++-------
Melee: Dagger            |   149 |   287 |   317 |       |       ||   753
       Tailslap          |    13 |    54 |   125 |   232 |    46 ||   470
       Unarmed           |       |    20 |     3 |    11 |       ||    34
       Rapier            |       |       |   394 |  1129 |   171 ||  1694
       Bite              |       |       |       |       |    14 ||    14
 Fire: Blowgun           |       |    11 |       |       |       ||    11
Throw: Throwing net      |       |       |     3 |    10 |       ||    13
 Abil: Spit Acid         |       |       |     6 |     8 |     1 ||    15
Evoke: Wand              |       |       |     5 |     7 |       ||    12
       Deck              |       |       |       |    15 |       ||    15
  Use: Scroll            |       |     6 |    14 |     8 |     1 ||    29
       Potion            |       |     5 |     3 |     7 |       ||    15
 Stab: Sleeping          |    10 |     2 |    10 |     5 |     8 ||    35
       Held in net/web   |       |       |     3 |     6 |       ||     9
       Confused          |       |       |     2 |     2 |       ||     4
       Distracted        |       |       |     4 |     6 |     2 ||    12
  Eat: Chunk             |       |     7 |       |       |       ||     7
       Beef jerky        |       |     1 |       |       |       ||     1
       Fruit             |       |       |     5 |       |       ||     5
       Meat ration       |       |       |     3 |     5 |       ||     8
       Royal jelly       |       |       |     1 |       |       ||     1
       Pizza             |       |       |       |     1 |       ||     1
Armor: Skin              |    46 |   121 |   202 |   194 |    19 ||   582
Dodge: Dodged            |    71 |   133 |   346 |   433 |    48 ||  1031
Block: Buckler           |       |    52 |   151 |   175 |     9 ||   387
